 Dungeon Crawl Stone Soup version 0.23.2-40-g277498a (webtiles) character file.

Game seed: 9313034450797704025

269 Balder the Shield-Bearer (level 6, -4/53 HPs)
             Began as a Minotaur Fighter on Sept 11, 2019.
             Killed by divine providence
             ... invoked by an orc priest
              (14 damage)
             ... on level 4 of the Dungeon.
             The game lasted 00:09:33 (2042 turns).

Balder the Shield-Bearer (Minotaur Fighter)         Turns: 2042, Time: 00:09:34

Health: -4/53      AC: 12    Str: 20    XL:     6   Next: 1%
Magic:  5/5        EV:  5    Int:  5    God:
Gold:   201        SH: 10    Dex: 12    Spells: 5/5 levels left

rFire    + . .     SeeInvis .   a - +0 flail
rCold    + . .     Gourm    .   c - +0 shield
rNeg     . . .     Faith    .   p - +0 plate armour
rPois    .         Spirit   .   (helmet restricted)
rElec    .         Reflect  .   o - scarf {rC+ rF+}
rCorr    .         Harm     .   (no gloves)
MR       .....                  (no boots)
Stlth    ..........             (no amulet)
HPRegen  0.17/turn              (no ring)
MPRegen  0.09/turn              (no ring)

@: no status effects
A: retaliatory headbutt, horns 2
a: no special abilities


You were on level 4 of the Dungeon.
You were hungry.

You visited 1 branch of the dungeon, and saw 4 of its levels.

You collected 201 gold pieces.

Inventory:

Hand Weapons
 a - a +0 flail (weapon)
 d - a +2 dagger of venom
 i - a +0 blowgun
 j - a +1 whip of venom
 v - a +2 flail of protection
Missiles
 t - 15 poisoned needles
 w - 3 tomahawks (quivered)
Armour
 c - a +0 shield (worn)
 o - a scarf of resistance (worn)
 p - a +0 plate armour (worn)
Jewellery
 m - an uncursed amulet of rage
Wands
 g - a wand of flame (27)
 r - a wand of paralysis (5)
Scrolls
 e - 3 scrolls of amnesia {unknown}
 k - 2 scrolls of identify
 l - 4 scrolls of remove curse {unknown}
 x - a scroll of teleportation {unknown}
Potions
 b - a potion of flight {unknown}
 h - a potion of lignification
 n - a potion of magic {unknown}
 s - a potion of cancellation {unknown}
 u - a potion of brilliance {unknown}
Comestibles
 f - 7 rations


   Skills:
 * Level 4.4 Fighting
 * Level 4.5 Maces & Flails
 * Level 4.8 Armour
 * Level 2.2 Dodging
 * Level 5.0 Shields


You had 5 spell levels left.
You didn't know any spells.
Your spell library was empty.

Dungeon Overview and Level Annotations

Branches:
Dungeon (4/15)
 Temple: D:4-7

Altars:
Wu Jian


Innate Abilities, Weirdness & Mutations

You reflexively headbutt those who attack you in melee.
You have a pair of horns on your head.


Message History

The orc priest hits you but does no damage.
You closely miss the orc priest. Your headbutt misses the orc priest.
The orc priest is severely wounded.
The orc priest hits you but does no damage.
The orc priest mumbles some strange prayers to Beogh against you.
Pain shoots through your body!
* * * LOW HITPOINT WARNING * * *
Your plate armour prevents you from hitting the orc priest.
The orc priest is severely wounded.
You block the orc priest's attack.
You hit the orc priest.
The orc priest is almost dead.
You block the orc priest's attack.
You barely miss the orc priest.
The orc priest is almost dead.
The orc priest hits you.
* * * LOW HITPOINT WARNING * * *
The orc priest invokes the aid of Beogh against you.
Beogh smites you!
You die...

.###. ..... ......
...o.. ......####
...[...#.######
.......#.##...#
#........o@...#
###.##...###..##
.............####
##...#.......##.#####
#...##.......#..#..#
..... #.#...........#
...#......#.........##
...#.....###......###
..## #......##


You could see an orc priest.

Vanquished Creatures
  An ogre (D:3)
  A worker ant (D:2)
  6 adders
  An ooze (D:3)
  A worm (D:2)
  2 dart slugs
  2 leopard geckos
  8 orcs
  3 ball pythons
  7 bats
  2 giant cockroaches (D:2)
  7 goblins
  3 hobgoblins
  3 jackals (D:2)
  4 quokkas
  3 frilled lizards
  5 kobolds
  4 rats
63 creatures vanquished.

Vanquished Creatures (others)
  An orc wizard (D:4)
1 creature vanquished.

Grand Total: 64 creatures vanquished

Notes
Turn   | Place    | Note
-------+----------+-------------------------------------------
     0 | D:1      | Balder the Minotaur Fighter began the quest for the Orb.
     0 | D:1      | Reached XP level 1. HP: 19/19 MP: 0/0
   128 | D:1      | Reached XP level 2. HP: 24/27 MP: 1/1
   540 | D:2      | Reached skill level 4 in Shields
   561 | D:2      | Reached skill level 1 in Dodging
   561 | D:2      | Reached XP level 3. HP: 33/33 MP: 2/2
   829 | D:2      | Reached XP level 4. HP: 26/40 MP: 3/3
  1181 | D:2      | Found an ornate altar of the Wu Jian Council.
  1614 | D:3      | Noticed an ogre
  1625 | D:3      | Killed an ogre
  1625 | D:3      | Reached XP level 5. HP: 47/47 MP: 4/4
  1966 | D:4      | Reached skill level 5 in Shields
  2031 | D:4      | Reached XP level 6. HP: 24/53 MP: 5/5
  2042 | D:4      | Killed from afar by an orc priest

Skill      XL: |  1  2  3  4  5 |
---------------+----------------+-----
Shields        | 4 5 |  5.0
Maces & Flails | 3 4 |  4.5
Armour         | 4 |  4.8
Dodging        | 1 2 |  2.2
Fighting       | 4 |  4.4

Action                   |  1- 3 |  4- 6 || total
-------------------------+-------+-------++-------
Melee: Flail             |    71 |    98 ||   169
       Headbutt          |     8 |    16 ||    24
  Use: Potion            |       |     3 ||     3
       Scroll            |       |     2 ||     2
  Eat: Chunk             |       |     3 ||     3
Armor: Scale mail        |    34 |    22 ||    56
       Skin              |       |     6 ||     6
       Plate armour      |       |    14 ||    14
Dodge: Dodged            |    23 |    21 ||    44
Block: Shield            |    40 |    59 ||    99
